 Dungeon Crawl Stone Soup version 0.18-a0-912-g81d1dc4 (webtiles) character file.

114 Duffy the Ruffian (level 4, -1/35 HPs)
             Began as a Mummy Monk on Dec 25, 2015.
             Slain by an iron imp (5 damage)
             ... summoned by Natasha
             ... on level 1 of the Dungeon.
             The game lasted 00:02:06 (2018 turns).

Duffy the Ruffian (Mummy Monk)                      Turns: 2018, Time: 00:02:06

Health: -1/35      AC:  8    Str: 15    XL:     4   Next: 67%
Magic:  4/4        EV:  7    Int:  9    God:
Gold:   73         SH:  0    Dex: 14    Spells: 0 memorised, 3 levels left

rFire  x . .     SeeInvis .       - Unarmed
rCold  + . .     Gourm    .     d - +0 chain mail
rNeg   + + +     Faith    .     (no shield)
rPois  ∞         Spirit   .     (no helmet)
rElec  .         Dismiss  .     (no cloak)
rCorr  .         Reflect  .     (no gloves)
SustAt .         Harm     .     (no boots)
MR     .....                    (no amulet)
Stlth  ..........               (no ring)
                                (no ring)

@: not resistant to hostile enchantments, extremely unstealthy
A: no food or potions, fire vulnerability, cold resistance 1, negative energy
resistance 3, torment resistance, unbreathing
a: no special abilities


You were on level 1 of the Dungeon.
You were not hungry.

You visited 1 branch of the dungeon, and saw 2 of its levels.

You collected 73 gold pieces.


Innate Abilities, Weirdness & Mutations

You do not eat or drink.
Your flesh is vulnerable to fire.
You are immune to poison.
Your flesh is cold resistant.
You are immune to negative energy.
You are immune to unholy pain and torment.
You can survive without breathing.


   Skills:
 - Level 3.0 Fighting
 - Level 2.4 Dodging
 - Level 1.5 Stealth
 + Level 5.0 Unarmed Combat


You had 3 spell levels left.
You didn't know any spells.

Inventory:

Missiles
 f - 18 poisoned needles
Armour
 a - a +0 robe
 b - a +0 leather armour
 d - a +0 chain mail (worn)
Scrolls
 c - a scroll of amnesia {unknown}
 e - a scroll of enchant weapon {unknown}
 g - 2 scrolls of identify {unknown}

Dungeon Overview and Level Annotations

Branches:
Dungeon (2/15)

Altars:
Makhleb
Xom

Annotations:
D:1 Natasha


Message History

Natasha claws you but does no damage.
You hit Natasha.
Natasha is severely wounded.
Natasha casts a spell.
You miss Natasha.
Natasha is severely wounded.
Natasha claws you.
You barely miss Natasha.
Natasha is severely wounded.
Natasha claws you.
You closely miss Natasha.
Natasha is severely wounded.
Natasha claws you.
You closely miss Natasha.
Natasha is severely wounded.
Natasha wildly gestures.
You feel disoriented. Natasha claws you.
You hit Natasha but do no damage.
Natasha is severely wounded.
The iron imp hits you. Natasha barely misses you.
You closely miss Natasha.
Natasha is severely wounded.
The iron imp hits you! Natasha claws you but does no damage.
You closely miss Natasha.
Natasha is severely wounded.
The iron imp hits you but does no damage.
You hit Natasha. You punch Natasha, but do no damage.
Natasha is almost dead.
Natasha stares at you and mumbles some strange words.
The magic dart hits you!
Your chain mail prevents you from hitting Natasha.
Natasha is almost dead.
Natasha barely misses you. The iron imp hits you.
You die...

#(.......+.....#.##.# #.#..#
#......###.....#.##.# #.#..#
#......# #.....#.##.###### #.#...
#......#########.#...>...###.#...
#...........####.................
#....%)..........#.......###.#...
#..............(.#......(# #.....
##........#....h(#......(###.....
#........#....5@+...............
#........#).....#.(.....###.....
#...............).......# #....#
#.[.............#.......# ####.#
#...............#.......###.##.#
#...............####............
#........#......####.#.....#..#.
##########...........##...##....
#######.....###.###....


You could see an iron imp and Natasha.

Action                   |  1- 3 |  4- 6 || total
-------------------------+-------+-------++-------
Melee: Unarmed           |   169 |    88 ||   257
 Stab: Sleeping          |     1 |       ||     1

Notes
Turn   | Place    | Note
--------------------------------------------------------------
     0 | D:1      | Duffy the Mummy Monk began the quest for the Orb.
     0 | D:1      | Reached XP level 1. HP: 18/18 MP: 1/1
    49 | D:1      | Reached XP level 2. HP: 20/24 MP: 2/2
   568 | D:1      | Reached skill level 4 in Unarmed Combat
   987 | D:1      | Reached XP level 3. HP: 26/29 MP: 3/3
  1282 | D:2      | Found a burning altar of Makhleb.
  1283 | D:2      | Found a shimmering altar of Xom.
  1345 | D:1      | Reached XP level 4. HP: 12/35 MP: 4/4
  1812 | D:2      | Reached skill level 5 in Unarmed Combat
  1995 | D:2      | Noticed Natasha
  2018 | D:1      | Slain by an iron imp

Vault maps used:
D:1:      roderic_crossed_star, minmay_misc_feat_more_columns
D:2:      gammafunk_temple_overflow_pools, uniq_natasha

Vanquished Creatures
  6 adders
  An ooze
  2 worms
  6 bats
  4 giant cockroaches
  6 goblins
  4 hobgoblins
  7 jackals
  2 giant newts
  8 kobolds
  5 rats
51 creatures vanquished.
